 Dungeon Crawl Stone Soup version 0.29.0-10-g45618ea6d2 (webtiles) character file.

Game seed: 7053826766428263972

46 Flugkiller the Covered (level 3, -4/33 HPs)
             Began as a Minotaur Fighter on Sept 1, 2022.
             Slain by Terence
             ... wielding a +0 trident
              (7 damage)
             ... on level 2 of the Dungeon.
             The game lasted 00:00:24 (966 turns).

Flugkiller the Covered (Minotaur Fighter)            Turns: 966, Time: 00:00:24

Health: -4/33      AC:  7    Str: 20    XL:     3   Next: 44%
Magic:  2/2        EV:  9    Int:  5    God:
Gold:   56         SH:  4    Dex: 11    Spells: 2/2 levels left

rFire   . . .      SeeInvis .   a - +0 war axe
rCold   . . .      Faith    .   c - +0 buckler
rNeg    . . .      Spirit   .   b - +0 scale mail
rPois   .          Reflect  .   (helmet restricted)
rElec   .          Harm     .   (no cloak)
rCorr   .          Rampage  .   (no gloves)
Will    .....                   (no boots)
Stlth   ..........              (no amulet)
HPRegen 0.11/turn               (no ring)
MPRegen 0.08/turn               (no ring)

@: no status effects
A: horns 2, retaliatory headbutt
a: no special abilities


You were on level 2 of the Dungeon.
You visited 1 branch of the dungeon, and saw 2 of its levels.

You collected 56 gold pieces.

Inventory:

Hand Weapons
 a - a +0 war axe (weapon)
Armour
 b - a +0 scale mail (worn)
 c - a +0 buckler (worn)
Scrolls
 i - a scroll of brand weapon {unknown}
 j - a scroll of magic mapping {unknown}
Potions
 d - 2 potions of might
 e - a potion of haste {unknown}
 f - 2 potions of mutation {unknown}
 g - a potion of heal wounds {unknown}
 h - a potion of curing {unknown}


   Skills:
 + Level 4.1 Fighting
 * Level 3.8 Axes
 + Level 4.2 Armour
 - Level 3.6 Shields


You had 2 spell levels left.
You didn't know any spells.
Your spell library was empty.

Dungeon Overview and Level Annotations

Branches:
Dungeon (2/15)

Altars:

Annotations:
D:2 Terence


Innate Abilities, Weirdness & Mutations

You have a pair of horns on your head.
You reflexively headbutt those who attack you in melee.


Message History

You slash the frilled lizard!
You kill the frilled lizard!
No target in view!
No target in view!
No target in view!
No target in view!
You see here a frilled lizard corpse.
A hobgoblin and an adder come into view.
Found a robe.
The hobgoblin shouts!
The adder hisses angrily.
You hear a bark!
A jackal comes into view.
You hear a bark!
There are monsters nearby!
There are monsters nearby!
The hobgoblin hits you but does no damage.
The adder bites you but does no damage.
You slash the adder!
The adder is severely wounded.
You barely miss the hobgoblin. The hobgoblin barely misses you.
The adder closely misses you.
A jackal comes into view.
You block the hobgoblin's attack. The adder completely misses you.
You miss the adder.
The adder is severely wounded.
You hit the hobgoblin. The adder completely misses you.
The hobgoblin completely misses you.
A goblin comes into view. It is wielding a +0 club.
You slash the adder!
You kill the adder!
You hit the hobgoblin.
You kill the hobgoblin!
You closely miss the jackal.
The jackal bites you but does no damage.
A jackal comes into view.
The jackal completely misses you. You furiously retaliate!
You headbutt the jackal.
You kill the jackal!
A jackal comes into view.
The jackal barks!
You see here a jackal corpse.
You barely miss the jackal. The jackal barely misses you.
You furiously retaliate!
You headbutt the jackal, but do no damage.
Terence the Incautious comes into view.
He is wielding a +0 trident.
The jackal closely misses you. You furiously retaliate!
You headbutt the jackal.
Terence shouts!
You hit the jackal.
The jackal is almost dead.
You block the jackal's attack. x2
You closely miss the jackal.
The jackal is almost dead.
You hit the goblin but do no damage. The jackal bites you.
The goblin closely misses you. You block the jackal's attack.
You barely miss the jackal.
The jackal is almost dead.
You closely miss the goblin. The goblin closely misses you.
You furiously retaliate!
You headbutt the goblin.
You kill the goblin!
The jackal bites you but does no damage.
You hit the jackal.
You kill the jackal!
You hit the jackal. You miss the jackal. The jackal bites you.
The jackal closely misses you.
Terence hits you from afar with a +0 trident.
The jackal bites you.
The jackal bites you but does no damage.
You miss the jackal.
The jackal is heavily wounded.
You hit the jackal.
The jackal bites you but does no damage. x2
Terence hits you from afar with a +0 trident!
The jackal bites you but does no damage. x2
Terence hits you but does no damage.
You hit the jackal.
You kill the jackal!
You hit the jackal but do no damage.
The jackal bites you but does no damage.
The jackal closely misses you.
Terence hits you from afar with a +0 trident!
* * * LOW HITPOINT WARNING * * *
You are too injured to fight recklessly!
You are too injured to fight recklessly!
You are too injured to fight recklessly!
You are too injured to fight recklessly!
You are too injured to fight recklessly!
You are too injured to fight recklessly!
You are too injured to fight recklessly!
You are too injured to fight recklessly!
You are too injured to fight recklessly!
You are too injured to fight recklessly!
Unknown command.
The jackal attacks as you move away! The jackal bites you.
* * * LOW HITPOINT WARNING * * *
Okay, then.
You closely miss the jackal. Your headbutt misses the jackal.
The jackal is heavily wounded.
You block the jackal's attack.
Terence hits you from afar with a +0 trident!
You die...

#..#### #..#.[# # ......#
.# ### .....# ..# .>####
.....# ...#
#....#########.#..# ....#
#............#.#††#.....#
#.##..######.#.#.†......#
#.#.....†.......@h@......
#.#....#####...##.###.#..
#.#....# #......# #
#.#....# #.######
#.#....# #.# #.###### #.#
#.### #.. ....# #.. .....


You could see Terence and a jackal.

Vanquished Creatures
  An adder (D:2)
  An endoplasm (D:1)
  2 giant cockroaches (D:2)
  2 goblins
  6 hobgoblins
  5 jackals
  4 ball pythons
  3 bats (D:1)
  A frilled lizard (D:2)
  4 kobolds
  5 rats (D:1)
34 creatures vanquished.

Notes
Turn   | Place    | Note
-------+----------+-------------------------------------------
     0 | D:1      | Flugkiller the Minotaur Fighter began the quest for the
                  | Orb.
     0 | D:1      | Reached XP level 1. HP: 19/19 MP: 0/0
   478 | D:1      | Reached XP level 2. HP: 24/27 MP: 1/1
   922 | D:2      | Reached XP level 3. HP: 33/33 MP: 2/2
   958 | D:2      | Noticed Terence
   966 | D:2      | Slain by Terence

Illustrated notes

Levels and vault maps discovered:
D:1:      scummos_arrival_hexagon, layout_basic, patterned_corridor
D:2:      layout_basic, ebering_ecumenical_altar_abandoned,
          minmay_worlds_worst_comb, uniq_terence

Skill      XL: |  1  2 |
---------------+-------+-----
Axes           | 3 |  3.8
Armour         | 4 |  4.2
Fighting       | 4 |  4.1
Shields        | |  3.6

Action                   || total
-------------------------++-------
Melee: War axe           ||    60
       Headbutt          ||     3
Armor: Scale mail        ||    34
Dodge: Dodged            ||    35
Block: Buckler           ||    13
